General information
- name: BNet
- type: Ladder team game (AT/RT)
- host: Battle.net
- saver: dogsandhorse.ru
map: Highperch
- players: 6
- length: 44:02
- speed: Fast
- version: 1.21 W3XP
- replay type:

» download(277 KB)
Players
team 1 (loser)
FlunZn (
green | 58 APM | 2501 actions | 42:55)
5 Mountain King
3 Storm Bolt
2 Bash
» actions
| Assign group hotkey | 65 | |
| Build / train | 77 | |
| ESC pressed | 1 | |
| Enter build submenu | 24 | |
| Enter hero's abilities submenu | 5 | |
| Remove unit from queue | 4 | |
| Right click | 1082 | |
| Select / deselect | 407 | |
| Select group hotkey | 746 | |
| Use ability | 90 | |
2501 total
» units
| Peasant | 14 | |
| Footman | 5 | |
| Dragonhawk Rider | 16 | |
| Gryphon Rider | 15 | |
50 total
» upgrades
| Defend | 0 | |
| Lumber Harvesting | 1 | |
| Cloud | 1 | |
| Animal War Training | 1 | |
| Storm Hammers | 1 | |
| Armor | 3 | |
| Swords | 2 | |
9 total
» buildings
| Altar of Kings | 1 | |
| Farm | 11 | |
| Barracks | 1 | |
| Scout Tower | 1 | |
| Arcane Tower | 1 | |
| Keep | 1 | |
| Blacksmith | 1 | |
| Arcane Vault | 1 | |
| Lumber Mill | 1 | |
| Gryphon Aviary | 2 | |
| Castle | 1 | |
| Town Hall | 1 | |
23 total
» build order
00:05 Altar of Kings
00:19 Farm
00:21 Barracks
00:47 Farm
01:42 Scout Tower
02:12 Farm
02:23 Arcane Tower
03:33 Keep
03:49 Blacksmith
05:29 Arcane Vault
05:41 Lumber Mill
05:47 Farm
06:26 Gryphon Aviary
06:36 Gryphon Aviary
06:59 Farm
07:02 Castle
07:08 Town Hall
11:53 Farm
12:19 Farm
12:56 Farm
20:10 Farm
20:14 Farm
20:15 Farm
» items
| Scroll of Regeneration | 1 | |
| Potion of Healing | 2 | |
3 total
georgewush (
pink | 44 APM | 1912 actions | 43:10)
4 Warden
2 Shadow Strike
2 Blink
4 Priestess of the Moon
2 Trueshot Aura
2 Scout
» actions
| Assign group hotkey | 30 | |
| Basic commands | 168 | |
| Build / train | 48 | |
| Enter build submenu | 22 | |
| Enter hero's abilities submenu | 8 | |
| Right click | 631 | |
| Select / deselect | 555 | |
| Select group hotkey | 374 | |
| Use ability | 76 | |
1912 total
» units
| Wisp | 14 | |
| Huntress | 3 | |
| Druid of the Talon | 1 | |
| Chimaera | 11 | |
29 total
» upgrades
| Sentinel | 1 | |
| Druid of the Talon Training | 1 | |
| Strength of the Wild | 3 | |
| Corrosive Breath | 1 | |
| Reinforced Hides | 1 | |
7 total
» buildings
| Altar of Elders | 1 | |
| Moon Well | 9 | |
| Hunter's Hall | 1 | |
| Ancient of War | 2 | |
| Tree of Ages | 1 | |
| Ancient of Wind | 1 | |
| Tree of Eternity | 1 | |
| Chimaera Roost | 3 | |
| Ancient of Wonders | 1 | |
20 total
» build order
00:09 Altar of Elders
00:20 Moon Well
01:39 Hunter's Hall
01:45 Ancient of War
01:49 Ancient of War
02:03 Moon Well
03:36 Moon Well
03:38 Tree of Ages
06:03 Ancient of Wind
06:05 Tree of Eternity
07:06 Moon Well
07:12 Moon Well
08:42 Chimaera Roost
09:14 Chimaera Roost
10:16 Moon Well
10:28 Moon Well
11:04 Moon Well
11:08 Ancient of Wonders
11:36 Chimaera Roost
14:23 Moon Well
yaddayadda (
red | 53 APM | 2314 actions | 43:59)
4 Shadow Hunter
2 Serpent Ward
2 Healing Wave
3 Dark Ranger
1 Silence
2 Black Arrow
» actions
| Assign group hotkey | 35 | |
| Basic commands | 85 | |
| Build / train | 91 | |
| ESC pressed | 4 | |
| Enter build submenu | 20 | |
| Enter hero's abilities submenu | 8 | |
| Remove unit from queue | 1 | |
| Right click | 1051 | |
| Select / deselect | 356 | |
| Select group hotkey | 433 | |
| Use ability | 230 | |
2314 total
» units
| Peon | 15 | |
| Grunt | 5 | |
| Demolisher | 13 | |
| Wind Rider | 12 | |
| Troll Witch Doctor | 7 | |
| Shaman | 5 | |
57 total
» upgrades
| Pillage | 1 | |
| Spiked Barricades | 2 | |
| Melee Weapons | 2 | |
| Armor | 3 | |
| Berserker Strength | 1 | |
| Witch Doctor Training | 2 | |
| Shaman Training | 2 | |
| Ranged Weapons | 3 | |
| Envenomed Spears | 1 | |
| Burning Oil | 1 | |
| Reinforced Defenses | 1 | |
19 total
» buildings
| Altar of Storms | 1 | |
| Orc Burrow | 7 | |
| Barracks | 1 | |
| War Mill | 1 | |
| Stronghold | 2 | |
| Voodoo Lounge | 1 | |
| Beastiary | 1 | |
| Fortress | 1 | |
| Spirit Lodge | 2 | |
| Great Hall | 1 | |
| Watch Tower | 2 | |
20 total
» build order
00:06 Altar of Storms
00:12 Orc Burrow
00:45 Barracks
01:33 Orc Burrow
02:18 Orc Burrow
03:27 War Mill
04:17 Stronghold
04:17 Stronghold
05:23 Orc Burrow
05:36 Voodoo Lounge
06:51 Beastiary
06:58 Fortress
08:43 Spirit Lodge
10:19 Great Hall
10:58 Watch Tower
11:06 Watch Tower
11:32 Orc Burrow
12:40 Orc Burrow
12:47 Orc Burrow
15:08 Spirit Lodge
» items
| Healing Salve | 1 | |
| Scroll of Speed | 1 | |
2 total
team 2 (winner)
dogsandhorse.ru (
orange | 78 APM | 3454 actions | 44:02)
7 Warden
3 Shadow Strike
3 Blink
1 Fan of Knives
1 Blademaster
1 Wind Walk
» actions
| Assign group hotkey | 13 | |
| Basic commands | 10 | |
| Build / train | 111 | |
| Enter build submenu | 26 | |
| Enter hero's abilities submenu | 8 | |
| Give item / drop item | 5 | |
| Remove unit from queue | 21 | |
| Right click | 2147 | |
| Select / deselect | 401 | |
| Select group hotkey | 470 | |
| Use ability | 240 | |
3454 total
» units
| Wisp | 23 | |
| Druid of the Talon | 24 | |
47 total
» upgrades
| Ultravision | 1 | |
| Strength of the Wild | 3 | |
| Reinforced Hides | 3 | |
| Nature's Blessing | 1 | |
| Well Spring | 1 | |
| Druid of the Talon Training | 2 | |
| Mark of the Talon | 1 | |
| Hippogryph Taming | 0 | |
12 total
» buildings
| Altar of Elders | 1 | |
| Moon Well | 15 | |
| Hunter's Hall | 1 | |
| Tree of Ages | 1 | |
| Tree of Life | 1 | |
| Tree of Eternity | 1 | |
| Ancient of Wind | 3 | |
| War Mill | 1 | |
24 total
» build order
00:06 Altar of Elders
00:18 Moon Well
01:37 Moon Well
02:28 Hunter's Hall
02:50 Moon Well
04:47 Tree of Ages
05:31 Tree of Life
07:49 Moon Well
07:53 Moon Well
08:52 Tree of Eternity
08:55 Ancient of Wind
08:59 Ancient of Wind
10:57 Moon Well
10:58 Moon Well
10:59 Moon Well
33:00 Ancient of Wind
33:36 Moon Well
33:37 Moon Well
33:37 Moon Well
34:54 Moon Well
35:38 Moon Well
39:55 Moon Well
40:30 Moon Well
42:15 War Mill
» items
| Boots of Speed | 1 | |
| Staff of Teleportation | 1 | |
| Lesser Clarity Potion | 6 | |
| Healing Salve | 3 | |
| Orb of Lightning | 1 | |
| Scroll of Town Portal | 2 | |
| Tiny Great Hall | 1 | |
15 total
iggy_the_fisk (
teal | 111 APM | 4895 actions | 44:00)
5 Archmage
3 Blizzard
2 Brilliance Aura
5 Pandaren Brewmaster
3 Breath of Fire
2 Drunken Haze
» actions
| Assign group hotkey | 158 | |
| Basic commands | 73 | |
| Build / train | 134 | |
| Enter build submenu | 111 | |
| Enter hero's abilities submenu | 11 | |
| Give item / drop item | 2 | |
| Right click | 2558 | |
| Select / deselect | 537 | |
| Select group hotkey | 1061 | |
| Use ability | 250 | |
4895 total
» units
| Peasant | 16 | |
| Sorceress | 2 | |
| Dragonhawk Rider | 20 | |
| Priest | 2 | |
40 total
» upgrades
| Masonry | 3 | |
| Lumber Harvesting | 2 | |
| Magic Sentry | 1 | |
| Sorceress Training | 2 | |
| Swords | 3 | |
| Armor | 3 | |
| Animal War Training | 1 | |
| Priest Training | 1 | |
| Reinforced Defenses | 1 | |
17 total
» buildings
| Altar of Kings | 2 | |
| Lumber Mill | 11 | |
| Farm | 9 | |
| Scout Tower | 82 | |
| Arcane Tower | 4 | |
| Guard Tower | 44 | |
| Arcane Vault | 2 | |
| Keep | 1 | |
| Town Hall | 1 | |
| Arcane Sanctum | 1 | |
| Castle | 1 | |
| Gryphon Aviary | 2 | |
| Blacksmith | 1 | |
| Barracks | 1 | |
| Watch Tower | 1 | |
163 total
» build order
00:04 Altar of Kings
00:20 Lumber Mill
00:28 Farm
00:37 Farm
01:19 Scout Tower
01:46 Arcane Tower
01:51 Scout Tower
02:03 Scout Tower
02:18 Guard Tower
02:19 Scout Tower
02:33 Scout Tower
02:39 Arcane Tower
02:53 Guard Tower
02:55 Scout Tower
02:57 Arcane Vault
03:25 Guard Tower
03:35 Scout Tower
03:38 Scout Tower
03:40 Guard Tower
03:41 Scout Tower
03:43 Scout Tower
03:44 Scout Tower
04:04 Guard Tower
04:06 Guard Tower
04:07 Scout Tower
04:12 Scout Tower
04:13 Scout Tower
04:23 Guard Tower
04:42 Guard Tower
04:45 Scout Tower
04:47 Scout Tower
05:15 Guard Tower
05:28 Scout Tower
05:30 Scout Tower
05:32 Guard Tower
05:33 Scout Tower
05:36 Arcane Vault
05:41 Keep
06:27 Scout Tower
06:30 Town Hall
06:35 Guard Tower
06:36 Scout Tower
06:55 Scout Tower
07:02 Guard Tower
07:03 Scout Tower
07:51 Guard Tower
07:53 Scout Tower
07:54 Scout Tower
07:58 Scout Tower
07:59 Scout Tower
08:08 Guard Tower
08:10 Scout Tower
08:12 Scout Tower
08:51 Guard Tower
08:55 Scout Tower
08:55 Scout Tower
08:58 Scout Tower
09:00 Scout Tower
09:02 Scout Tower
09:03 Scout Tower
09:17 Altar of Kings
09:20 Arcane Sanctum
09:21 Castle
09:35 Scout Tower
09:35 Scout Tower
10:10 Guard Tower
10:14 Guard Tower
10:18 Guard Tower
10:57 Scout Tower
11:20 Guard Tower
11:22 Gryphon Aviary
11:27 Guard Tower
11:35 Guard Tower
12:10 Scout Tower
12:15 Scout Tower
12:54 Blacksmith
12:55 Barracks
12:57 Farm
12:58 Farm
14:05 Arcane Tower
14:11 Arcane Tower
14:49 Lumber Mill
14:51 Lumber Mill
14:52 Lumber Mill
16:19 Lumber Mill
16:22 Lumber Mill
16:26 Lumber Mill
16:28 Lumber Mill
17:57 Scout Tower
17:59 Scout Tower
18:14 Lumber Mill
18:19 Lumber Mill
18:32 Guard Tower
18:33 Scout Tower
19:19 Guard Tower
19:20 Scout Tower
20:02 Guard Tower
20:03 Scout Tower
20:56 Farm
21:00 Guard Tower
30:00 Farm
30:03 Farm
30:06 Farm
30:56 Farm
33:35 Scout Tower
33:40 Scout Tower
33:44 Watch Tower
34:04 Scout Tower
34:07 Scout Tower
34:10 Scout Tower
34:13 Guard Tower
34:18 Gryphon Aviary
34:24 Scout Tower
34:26 Scout Tower
34:40 Guard Tower
34:41 Scout Tower
34:44 Scout Tower
35:08 Guard Tower
35:13 Scout Tower
35:16 Scout Tower
35:21 Scout Tower
35:23 Scout Tower
35:30 Scout Tower
36:13 Scout Tower
36:15 Scout Tower
36:25 Scout Tower
36:26 Scout Tower
36:28 Scout Tower
36:30 Guard Tower
36:33 Lumber Mill
36:41 Scout Tower
36:44 Scout Tower
37:19 Guard Tower
37:24 Scout Tower
37:38 Guard Tower
37:39 Scout Tower
37:45 Guard Tower
37:46 Guard Tower
37:48 Scout Tower
37:49 Scout Tower
37:53 Scout Tower
37:55 Scout Tower
37:57 Scout Tower
37:58 Scout Tower
38:00 Scout Tower
38:02 Guard Tower
38:05 Scout Tower
38:07 Guard Tower
38:12 Scout Tower
39:20 Guard Tower
39:41 Guard Tower
39:53 Scout Tower
40:02 Scout Tower
40:04 Guard Tower
40:13 Scout Tower
40:14 Scout Tower
40:23 Guard Tower
40:25 Scout Tower
40:37 Guard Tower
40:49 Guard Tower
40:54 Guard Tower
41:00 Guard Tower
41:16 Guard Tower
» items
| Boots of Speed | 1 | |
| Healing Salve | 2 | |
| Staff of Sanctuary | 2 | |
| Orb of Lightning | 2 | |
| Scroll of Town Portal | 3 | |
| Scroll of Regeneration | 2 | |
12 total
nutsurlechin.fr (
yellow | 85 APM | 2756 actions | 32:36)
4 Blademaster
2 Wind Walk
2 Critical Strike
» actions
| Assign group hotkey | 188 | |
| Basic commands | 3 | |
| Build / train | 71 | |
| Enter build submenu | 44 | |
| Enter hero's abilities submenu | 4 | |
| Give item / drop item | 4 | |
| Remove unit from queue | 11 | |
| Right click | 1363 | |
| Select / deselect | 367 | |
| Select group hotkey | 440 | |
| Use ability | 261 | |
2756 total
» units
| Peon | 14 | |
| Troll Batrider | 18 | |
| Kodo Beast | 1 | |
33 total
» upgrades
| Spiked Barricades | 1 | |
| Armor | 2 | |
| Liquid Fire | 1 | |
4 total
» buildings
| Altar of Storms | 1 | |
| Orc Burrow | 7 | |
| War Mill | 1 | |
| Watch Tower | 33 | |
| Stronghold | 2 | |
| Beastiary | 4 | |
| Voodoo Lounge | 2 | |
| Fortress | 2 | |
52 total
» build order
00:02 Altar of Storms
00:12 Orc Burrow
00:20 War Mill
01:36 Watch Tower
01:54 Watch Tower
02:18 Watch Tower
02:25 Watch Tower
02:38 Watch Tower
02:51 Watch Tower
02:58 Orc Burrow
03:33 Stronghold
03:33 Stronghold
03:45 Watch Tower
03:57 Watch Tower
04:00 Watch Tower
05:19 Watch Tower
05:21 Watch Tower
05:24 Watch Tower
05:36 Orc Burrow
06:56 Watch Tower
06:59 Beastiary
07:02 Watch Tower
07:10 Voodoo Lounge
07:16 Voodoo Lounge
07:50 Beastiary
08:01 Watch Tower
08:01 Watch Tower
09:00 Watch Tower
09:09 Fortress
09:10 Fortress
10:12 Watch Tower
10:13 Watch Tower
10:14 Watch Tower
10:15 Watch Tower
10:16 Watch Tower
10:43 Watch Tower
10:44 Watch Tower
10:46 Watch Tower
10:47 Watch Tower
10:47 Watch Tower
11:20 Watch Tower
11:21 Watch Tower
11:23 Watch Tower
11:23 Watch Tower
11:26 Watch Tower
11:26 Watch Tower
14:18 Orc Burrow
20:46 Orc Burrow
20:47 Orc Burrow
20:47 Orc Burrow
20:51 Beastiary
20:54 Beastiary
» items
| Staff of Teleportation | 1 | |
| Boots of Speed | 1 | |
| Scroll of Regeneration | 1 | |
| Healing Salve | 3 | |
| Orb of Lightning | 1 | |
| Lesser Clarity Potion | 1 | |
| Staff of Sanctuary | 1 | |
| Scroll of Town Portal | 1 | |
10 total
Chat log
(00:09 / Allies) nutsurlechin.fr: they have highperch races
(00:13 / Allies) nutsurlechin.fr: 100g
(00:26 / Allies) nutsurlechin.fr: ty
(00:44 / Allies) nutsurlechin.fr: haven't played a perch in so long
(00:47 / Allies) dogsandhorse.ru: where y'all from
(00:54 / All) iggy_the_fisk: heyheyho
(00:55 / Allies) nutsurlechin.fr: IRE
(00:59 / All) yaddayadda: hi
(01:02 / All) dogsandhorse.ru: where y'all from
(01:07 / All) iggy_the_fisk: what
(01:08 / All) nutsurlechin.fr: george wush.. a terrible president
(01:21 / All) nutsurlechin.fr: i have from a little willage called telkevnosvmeblinnstorpsvagen
(01:41 / All) iggy_the_fisk: yoooo
(01:47 / Allies) nutsurlechin.fr: me gusta los lombres
(01:55 / All) yaddayadda: yaya
(01:56 / Allies) nutsurlechin.fr: don't think he saw!!
(02:03 / Allies) nutsurlechin.fr: milit
(02:05 / Allies) nutsurlechin.fr: went 2 u
(02:31 / Allies) nutsurlechin.fr: well
(02:34 / Allies) nutsurlechin.fr: what do you want to make
(03:15 / All) iggy_the_fisk: OWNED
(03:37 / Allies) nutsurlechin.fr: will dew
(03:48 / Allies) nutsurlechin.fr: my blue jeans is tight
(03:53 / Allies) nutsurlechin.fr: so onto my love rocket climb
(05:20 / All) dogsandhorse.ru: LMAO
(05:41 / Allies) nutsurlechin.fr: dang.
(05:43 / Allies) nutsurlechin.fr: a lot of militia
(05:59 / Allies) nutsurlechin.fr: not yoking around
(06:19 / Allies) nutsurlechin.fr: bbbba
(06:23 / Allies) nutsurlechin.fr: i was working on my piece
(06:32 / Allies) nutsurlechin.fr: & i have this impromptu modulation
(06:35 / Allies) nutsurlechin.fr: nah the orchestra one
(06:44 / Allies) nutsurlechin.fr: suddenly goes down a fourth; to dominant below
(06:48 / Allies) nutsurlechin.fr: sounds mad good
(08:05 / Allies) nutsurlechin.fr: ?
(08:22 / Allies) nutsurlechin.fr: human salves bitchez
(08:34 / Allies) nutsurlechin.fr: that is rather impressive
(09:12 / Allies) nutsurlechin.fr: lots
(09:19 / Allies) nutsurlechin.fr: i will infiltrate their oranges
(09:32 / Allies) nutsurlechin.fr: hmm
(09:37 / Allies) nutsurlechin.fr: now what is good against towers
(09:41 / Allies) nutsurlechin.fr: hunts & dotts?
(09:56 / Allies) nutsurlechin.fr: oh
(10:32 / Allies) nutsurlechin.fr: anaya the owned
(10:41 / All) dogsandhorse.ru: george wush......runing like a Pussy as always
(10:52 / All) dogsandhorse.ru: he run from towers as he run from afghan & iran
(10:59 / All) nutsurlechin.fr: tahnks for the unnecisary war in istanbull..
(11:04 / All) nutsurlechin.fr: yu fucken shit presidint
(11:30 / Allies) nutsurlechin.fr: gauld would be appreciated
(11:46 / Allies) nutsurlechin.fr: one on the other side
(11:47 / Allies) nutsurlechin.fr: if you want it
(12:02 / Allies) nutsurlechin.fr: was going to
(12:04 / Allies) nutsurlechin.fr: got distracted
(12:13 / Allies) nutsurlechin.fr: staff & do?
(12:32 / Allies) nutsurlechin.fr: did he plant a ward
(12:33 / Allies) nutsurlechin.fr: fuckk
(13:05 / Allies) nutsurlechin.fr: i got b
(13:08 / Allies) nutsurlechin.fr: iggidies
(13:32 / Allies) nutsurlechin.fr: 3 grif eliminated..
(14:13 / Allies) nutsurlechin.fr: fAu
(14:22 / Allies) nutsurlechin.fr: i need Au for bats
(14:36 / Allies) nutsurlechin.fr: ty chem nerds
(14:58 / Allies) nutsurlechin.fr: they have wards and sentinels on trees and shit.
(14:59 / Allies) nutsurlechin.fr: GAY!
(15:33 / Allies) nutsurlechin.fr: i can grab a hunt
(15:35 / Allies) nutsurlechin.fr: if we do it now
(17:10 / Allies) nutsurlechin.fr: testing wards i guess.
(17:18 / Allies) nutsurlechin.fr: elf shop?
(17:24 / Allies) nutsurlechin.fr: nvm
(18:27 / Allies) nutsurlechin.fr: heh
(18:37 / Allies) nutsurlechin.fr: guy probably hasn't researched
(19:06 / Allies) nutsurlechin.fr: was doing other things
(19:16 / All) nutsurlechin.fr: welcome to our prison..
(19:21 / All) nutsurlechin.fr: enjoy ur stay
(19:37 / All) FlunZn: hope you have fun
(19:38 / Allies) nutsurlechin.fr: the wisps
(19:41 / Allies) nutsurlechin.fr: the warden.
(19:51 / All) dogsandhorse.ru: im the warden of this prison
(19:55 / All) dogsandhorse.ru: kiri star stalker
(19:58 / Allies) nutsurlechin.fr: it's too close to my beast
(20:40 / All) dogsandhorse.ru: our maintenance workers are far too capable for you to dig your way out....
(20:56 / Allies) nutsurlechin.fr: goin 80 bats
(22:19 / Allies) nutsurlechin.fr: hmm i need to leave upkeep a sec
(22:23 / All) dogsandhorse.ru: this warden only works overnight shift
(22:24 / Allies) nutsurlechin.fr: then you can pumper me with gold
(22:48 / Allies) nutsurlechin.fr: arhghghg
(22:55 / Allies) nutsurlechin.fr: was watching my bats
(22:58 / Allies) nutsurlechin.fr: i have shared for a reason..
(23:06 / Allies) nutsurlechin.fr: anyway gimme mad gold
(23:18 / All) dogsandhorse.ru: we have injected him with tranquilizers
(23:43 / Allies) nutsurlechin.fr: gold
(23:45 / Allies) nutsurlechin.fr: lots of gold for lots of bat
(23:48 / Allies) nutsurlechin.fr: yes
(24:02 / Allies) nutsurlechin.fr: a large ty 2 u & ur kin
(24:08 / Allies) nutsurlechin.fr: that is fair.
(24:35 / Allies) nutsurlechin.fr: tim " the bitch " is home
(25:19 / Allies) nutsurlechin.fr: no fuck that
(26:13 / Allies) nutsurlechin.fr: we shoudl go up al il
(26:20 / Allies) nutsurlechin.fr: not that many towers down here
(26:46 / Allies) nutsurlechin.fr: premature popping
(27:16 / Allies) nutsurlechin.fr: contradictree
(28:12 / All) dogsandhorse.ru: u all turn gay now
(28:21 / Allies) nutsurlechin.fr: aghrhrghr
(28:25 / Allies) nutsurlechin.fr: something force tabbed me
(28:29 / Allies) nutsurlechin.fr: at the start of that fight
(28:40 / Allies) nutsurlechin.fr: just as they started clouding
(28:54 / Allies) nutsurlechin.fr: that is such bullshit i probably lost all my bats
(28:54 / All) iggy_the_fisk: heya
(29:00 / Allies) nutsurlechin.fr: ofc it takes me 15 minutes to tab back in!!
(29:08 / Allies) dogsandhorse.ru: whine whine WHINE
(31:31 / Allies) nutsurlechin.fr: start chomping on to
(41:59 / All) dogsandhorse.ru: welcome to highperch.....
(43:03 / All) iggy_the_fisk: heyo
(43:05 / All) dogsandhorse.ru: ownage,,,,,
(43:18 / All) dogsandhorse.ru: u have no chance to survive
(43:20 / All) iggy_the_fisk: hey yaddayadda
(43:40 / All) dogsandhorse.ru: leave yada ruski filth